AoeStats
← Oxplease

Nomad

509942960Analyzed
2v2 RM · 4d ago on Sep 28, 2026· 31m 39s· 4 players
Game mode
Random Map
Map size
176×176
Population
200
Speed
Normal
Resources
Standard
Victory
Conquest
Starting age
Dark Age
Ending age
Imperial Age
RankedLock teamsTeams togetherTeam positionsShared explorationLock speedFull tech treeHidden civsTurbo modeCheats
Victory
Defeat
🇭🇺 Italians · Hungary
1158
+14
🇫🇷 Dravidians · France
1065
+18
🇸🇰 Japanese · Slovakia
1102
-16
🇸🇰 Khmer · Slovakia
1102
-16
SCH0N
13:35 Feudal Age
11:52 Loom
14:46 Double-Bit Axe
21:38 Castle Age
19:55 Horse Collar
22:45 Wheelbarrow
22:02 Stone Mining
23:09 Fletching
23:21 Padded Archer Armor
25:30 Crossbowman
27:46 Town Watch
Sylvanas Windrunner
4:11 Loom
5:10 Loom
13:58 Feudal Age
14:41 Double-Bit Axe
14:21 Man-at-Arms
15:34 Fishing Lines
22:35 Castle Age
21:14 Horse Collar
22:24 Wheelbarrow
22:04 Scale Mail Armor
24:54 Squires
29:21 Chain Mail Armor
29:18 Forging
29:57 Elite Skirmisher
30:50 Long Swordsman
31:17 Gambesons
Oxplease
13:29 Feudal Age
18:08 Castle Age
20:30 Fletching
20:42 Padded Archer Armor
21:54 Bodkin Arrow
Gaborovics
13:18 Feudal Age
14:39 Double-Bit Axe
14:59 Fishing Lines
17:16 Stone Mining
21:30 Castle Age
20:24 Horse Collar
21:11 Town Watch
21:55 Forging
25:36 Gillnets
25:59 Bow Saw
27:56 Fletching
29:32 Bodkin Arrow
Connection lost

Rejoining the realm…

Still unreachable

The connection could not be restored.

Session expired

The server has moved on; the page needs a fresh start.